 Dungeon Crawl Stone Soup version 0.29.1-13-g9f3cf754e1 (webtiles) character file.

Game seed: 6905443084189462932

18 Ast3rio the Shield-Bearer (level 2, -2/27 HPs)
             Began as a Minotaur Fighter on Feb 8, 2023.
             Slain by Terence
             ... wielding a +0 hand axe
              (3 damage)
             ... on level 2 of the Dungeon.
             The game lasted 00:04:00 (775 turns).

Ast3rio the Shield-Bearer (Minotaur Fighter)         Turns: 775, Time: 00:04:00

Health: -2/27      AC: 11    Str: 20    XL:     2   Next: 48%
Magic:  1/1        EV:  9    Int:  5    God:
Gold:   66         SH:  5    Dex: 12    Spells: 1/1 levels left

rFire   x . .      SeeInvis +   a - +0 long sword
rCold   . . .      Faith    .   c - +0 buckler
rNeg    . . .      Spirit   .   b - +0 scale mail
rPois   .          Reflect  .   (helmet restricted)
rElec   .          Harm     .   (no cloak)
rCorr   .          Rampage  .   (no gloves)
Will    .....                   (no boots)
Stlth   ..........              (no amulet)
HPRegen 0.09/turn               g - ring of Wisdom {Fly rF- AC+4 Dex-3 SInv}
MPRegen 0.07/turn               i - +6 ring of dexterity

@: flying
A: horns 2, retaliatory headbutt
a: no special abilities


You were on level 2 of the Dungeon.
You visited 1 branch of the dungeon, and saw 2 of its levels.

You collected 66 gold pieces.

Inventory:

Hand Weapons
 a - a +0 long sword (weapon)
Armour
 b - a +0 scale mail (worn)
 c - a +0 buckler (worn)
Jewellery
 g - the ring of Wisdom (left hand) {Fly rF- AC+4 Dex-3 SInv}
   (You found it on level 2 of the Dungeon)

   [ring of protection]

   AC:        It affects your AC (+4).
   Dex:       It affects your dexterity (-3).
   rF:        It makes you vulnerable to fire.
   SInv:      It lets you see invisible.
   Fly:       It grants you flight.
 i - a +6 ring of dexterity (right hand)
Scrolls
 f - a scroll of identify {unknown}
 j - a scroll of immolation {unknown}
Potions
 d - a potion of might
 e - a potion of heal wounds {unknown}
 h - a potion of resistance {unknown}


   Skills:
 + Level 4.0 Fighting
 + Level 2.6 Long Blades
 + Level 3.9 Armour
 + Level 4.0 Shields


You had one spell level left.
You didn't know any spells.
Your spell library contained the following spells:

 Spells                   Type           Power      Damage    Failure   Level
 Gell's Gravitas          Tloc           0%         N/A       99%         3
 Lesser Beckoning         Tloc           0%         N/A       99%         3
 Teleport Other           Tloc           0%         N/A       99%         3
 Fireball                 Conj/Fire      0%         3d3       100%        5
 Starburst                Conj/Fire      0%         6d3       100%        6
 Ignition                 Fire           0%         3d3       100%        8


Dungeon Overview and Level Annotations

Branches:
Dungeon (2/15)

Altars:

Shops:
D:1 (

Annotations:
D:2 Terence


Innate Abilities, Weirdness & Mutations

You have a pair of horns on your head.
You reflexively headbutt those who attack you in melee.


Message History

i - a +6 ring of dexterity You feel agile.
i - a +6 ring of dexterity (right hand)
Found a scroll labelled JOSEMO BOSAIS.
j - a scroll labelled JOSEMO BOSAIS
Found a stone staircase leading up.
A giant cockroach comes into view.
Terence the Incautious comes into view.
He is wielding a +0 hand axe.
Terence hits you with a +0 hand axe.
You closely miss the giant cockroach.
Your headbutt misses the giant cockroach.
The giant cockroach bites you but does no damage.
Terence barely misses you. The giant cockroach bites you.
You hit the giant cockroach. You headbutt the giant cockroach.
You kill the giant cockroach!
Terence completely misses you. Terence hits you with a +0 hand axe.
Terence attacks as you move away! Terence hits you with a +0 hand axe.
You hit Terence.
Terence is lightly wounded.
Terence hits you but does no damage.
You slash Terence!
Terence is heavily wounded.
Terence hits you but does no damage. Terence hits you with a +0 hand axe.
* * * LOW HITPOINT WARNING * * *
You hit Terence.
Terence is heavily wounded.
Terence barely misses you.
You closely miss Terence.
Terence is heavily wounded.
Terence hits you but does no damage.
You barely miss Terence. Your headbutt misses Terence.
Terence is heavily wounded.
Terence hits you but does no damage.
You hit Terence but do no damage.
Terence is heavily wounded.
Terence hits you with a +0 hand axe.
* * * LOW HITPOINT WARNING * * *
Terence hits you with a +0 hand axe.
You die...

#.#.#
#.#.#
######.#.#
#......<.#
#.####.#.#
#.# #.#.#
#...##.# #
#...@#.#
#...#.@..#
#.. #.##.#
#. #. .# #
#. # #. ..
#. #.


You could see Terence.

Vanquished Creatures
  3 ball pythons
  2 endoplasms (D:1)
  A giant cockroach (D:2)
  3 goblins
  A hobgoblin (D:1)
  A kobold (D:1)
  A quokka (D:1)
  A bat (D:1)
  A frilled lizard (D:1)
  A rat (D:1)
15 creatures vanquished.

Vanquished Creatures (others)
  A fungus (D:2)
1 creature vanquished.

Grand Total: 16 creatures vanquished

Notes
Turn   | Place    | Note
-------+----------+-------------------------------------------
     0 | D:1      | Ast3rio the Minotaur Fighter began the quest for the Orb.
     0 | D:1      | Reached XP level 1. HP: 19/19 MP: 0/0
   321 | D:1      | Reached XP level 2. HP: 27/27 MP: 1/1
   531 | D:1      | Found Zuch's Weapon Boutique.
   630 | D:2      | Identified the ring of Wisdom {Fly rF- AC+4 Dex-3 SInv}
   761 | D:2      | Noticed Terence
   775 | D:2      | HP: 1/27 [Terence/+0 hand axe (5)]
   775 | D:2      | Slain by Terence

Illustrated notes

Levels and vault maps discovered:
D:1:      lemuel_arrival_cross, layout_loops_ring, serial_shops,
          nicolae_shop_statue_plus
D:2:      layout_loops_ring, dreamdust_ecumenical_altar_hidden_monk_grotto,
          uniq_terence, uniq_crazy_yiuf_cottage

Skill      XL: |  1  2 |
---------------+-------+-----
Shields        | 4 |  4.0
Fighting       | 4 |  4.0
Long Blades    | |  2.6
Armour         | |  3.9

Action                   || total
-------------------------++-------
Melee: Long sword        ||    32
       Headbutt          ||     3
Armor: Scale mail        ||    21
Dodge: Dodged            ||    23
Block: Buckler           ||     7
